 Dungeon Crawl Stone Soup version 0.30-a0-782-ge64f9170bb (webtiles) character file.

Game seed: 13675290506332713287

114 bande the Covered (level 4, -4/29 HPs)
             Began as a Gargoyle Fighter on Feb 19, 2023.
             Slain by Sigmund
             ... wielding a +2 vampiric scythe
              (10 damage)
             ... on level 3 of the Dungeon.
             The game lasted 00:02:53 (2297 turns).

bande the Covered (Gargoyle Fighter)                Turns: 2297, Time: 00:02:54

Health: -4/29      AC: 13    Str: 20    XL:     4   Next: 98%
Magic:  4/4        EV:  9    Int:  8    God:
Gold:   103        SH:  4    Dex: 11    Spells: 3/3 levels left

rFire   . . .      SeeInvis .    a - +0 war axe
rCold   . . .      Faith    .    c - +0 buckler
rNeg    + . .      Spirit   .    b - +0 scale mail
rPois   ∞          Reflect  .    i - +2 helmet
rElec   +          Harm     .    (no cloak)
rCorr   .          Rampage  .    (no gloves)
Will    .....                    (no boots) Stlth
                                 (no amulet)
HPRegen 0.24/turn                (no ring)
MPRegen 0.09/turn                (no ring)

@: mighty
A: sickness immunity, AC +3, negative energy resistance 1, electricity
resistance, torment resistance 1, petrification resistance
a: no special abilities


You were on level 3 of the Dungeon.
You visited 1 branch of the dungeon, and saw 3 of its levels.

You collected 103 gold pieces.

Inventory:

Hand Weapons
 a - a +0 war axe (weapon)
Armour
 b - a +0 scale mail (worn)
 c - a +0 buckler (worn)
 i - a +2 helmet (worn)
Scrolls
 g - a scroll of torment {unknown}
 h - 5 scrolls of teleportation {unknown}
 j - a scroll of fear {unknown}
Potions
 e - 2 potions of curing
 f - a potion of haste
 k - a potion of mutation {unknown}
 l - a potion of invisibility {unknown}
 m - a potion of heal wounds {unknown}
 n - 2 potions of ambrosia {unknown}
 o - a potion of degeneration {unknown}


   Skills:
 + Level 3.8 Fighting
 + Level 3.1 Axes
 + Level 4.1 Armour
 - Level 0.1 Stealth
 + Level 3.9 Shields


You had 3 spell levels left.
You didn't know any spells.
Your spell library was empty.

Dungeon Overview and Level Annotations

Branches:
Dungeon (3/15)

Altars:

Shops:
D:2 *[

Annotations:
D:3 Sigmund


Innate Abilities, Weirdness & Mutations

You are immune to sickness and miasma.
Your stone body is resilient. (AC +3)
You are immune to poison.
You resist negative energy. (rN+)
You are resistant to electric shocks. (rElec)
You are resistant to unholy torment.
You are immune to petrification.


Message History

You bump into the rock wall.
The orc wizard hits you but does no damage.
Something hits you but does no damage.
You bump into the rock wall.
The orc wizard hits you but does no damage.
You bump into the rock wall.
The orc wizard hits you but does no damage.
A magic dart appears from out of thin air!
The magic dart hits you. Something hits you.
You bump into the rock wall.
The orc wizard barely misses you. Something hits you but does no damage.
You bump into the rock wall.
The orc wizard hits you but does no damage.
You bump into the rock wall.
You feel less confused.
The orc wizard hits you but does no damage.
Something hits you.
You miss something. You slash the orc wizard!
The orc wizard hits you but does no damage.
Something hits you.
The orc wizard points at you and mumbles some strange words.
You resist with some effort.
You miss something. You slash the orc wizard!
You kill the orc wizard!
You hear some strange, mumbled words.
You are confused.
Your Axes skill increases to level 3!
You barely miss something. Something hits you but does no damage.
You bump into the rock wall.
Something hits you.
You barely miss something. Something hits you but does no damage.
You bump into the rock wall.
You slash something! Something hits you but does no damage.
You're too confused to move!
You feel less confused. Something hits you but does no damage.
You closely miss something. Something hits you!
* * * LOW HITPOINT WARNING * * *
You miss something. Something hits you!
You die...

###....#
.>....# #
#.....#.##
#.....#..
.......#
....#.#
#)[...#
#)#<..
#@#.#
#<{.#
#.#.#
#.....
#.....#
##....#
..#.#
#.#..
.####


There were no monsters in sight!

Vanquished Creatures
  2 orc wizards (D:3)
  2 adders (D:2)
  A worm (D:2)
  A dart slug (D:1)
  2 orcs (D:3)
  3 endoplasms (D:1)
  3 giant cockroaches (D:1)
  6 goblins
  4 hobgoblins
  A quokka (D:2)
  A ball python (D:1)
  4 bats
  3 frilled lizards
  4 kobolds (D:1)
  5 rats
42 creatures vanquished.

Notes
Turn   | Place    | Note
-------+----------+-------------------------------------------
     0 | D:1      | bande the Gargoyle Fighter began the quest for the Orb.
     0 | D:1      | Reached XP level 1. HP: 14/14 MP: 1/1
   107 | D:1      | Reached XP level 2. HP: 19/19 MP: 2/2
   356 | D:1      | Reached XP level 3. HP: 23/23 MP: 3/3
   936 | D:2      | Found Lygiricui's Antique Armour Shoppe.
  1147 | D:2      | Found Kuxzic's General Store.
  1173 | D:2      | Identified the +2 leather armour "Enwewnic" {Harm}
  1432 | D:2      | Reached XP level 4. HP: 29/29 MP: 4/4
  1717 | D:3      | Noticed Sigmund
  1725 | D:3      | Reached skill level 4 in Armour
  2297 | D:3      | Slain by Sigmund

Illustrated notes

Levels and vault maps discovered:
D:1:      amcnicky_arrival_single_pillar, layout_basic, nicolae_titane
D:2:      layout_basic, serial_shops, shop_statue, shop,
          minmay_misc_feat_secret_circle, dk_vineyard_2
D:3:      layout_basic, uniq_sigmund

Skill      XL: |  1  2  3  4 |
---------------+-------------+-----
Axes           | 2 3 |  3.1
Armour         | 4 |  4.1
Fighting       | |  3.8
Stealth        | |  0.1
Shields        | |  3.9

Action                     |  1- 3 |  4- 6 || total
---------------------------+-------+-------++-------
  Melee: War axe           |   114 |    25 ||   139
    Use: Scroll            |     2 |       ||     2
         Potion            |       |     1 ||     1
 Armour: Scale mail        |    81 |    38 ||   119
  Dodge: Dodged            |    65 |    20 ||    85
  Block: Buckler           |    17 |     9 ||    26

Table legend: (Time is in decaauts)
 A = Elapsed time spent in this place.
 B = Non-inter-level travel time spent in this place.
 C = Inter-level travel time spent in this place.
 D = Time resting spent in this place.
 E = Time spent auto-exploring this place.
 F = Levels seen in this place.
 G = Mean time per level.
                   A        B        C        D        E       F      G
               +--------+--------+--------+--------+--------+-----+--------+
         Total |   2360 |   2225 |    135 |    513 |   1272 |   3 |  786.7 |
       Dungeon |   2360 |   2225 |    135 |    513 |   1272 |   3 |  786.7 |
               +--------+--------+--------+--------+--------+-----+--------+

Top non-repeatable levels by time:
     D:2: 1356 daAuts
     D:1: 941 daAuts
     D:3: 62 daAuts
